 Dungeon Crawl Stone Soup version 0.19-a0-1128-gc4a0c12 (webtiles) character file.

613 Swollendeathray the Grave Robber (level 7, -10/56 HPs)
             Began as a Deep Dwarf Necromancer on Aug 12, 2016.
             Mangled by Menkaure (14 damage)
             ... on level 5 of the Dungeon.
             The game lasted 00:38:11 (4748 turns).

Swollendeathray the Grave Robber (DDNe)             Turns: 4748, Time: 00:38:11

Health: -10/56     AC:  3    Str: 12    XL:     7   Next: 20%
Magic:  12/12      EV: 14    Int: 17    God:
Gold:   124        SH:  0    Dex: 13    Spells: 2 memorised, 12 levels left

rFire  . . .     SeeInvis .     l - +0 dagger
rCold  . . .     Gourm    .     a - +1 robe
rNeg   . . .     Faith    .     (no shield)
rPois  .         Spirit   .     (no helmet)
rElec  .         Dismiss  .     (no cloak)
rCorr  .         Reflect  .     (no gloves)
SustAt .         Harm     .     (no boots)
MR     +....                    (no amulet)
Stlth  ++........               (no ring)
                                (no ring)

@: non-regenerating
A: damage resistance, recharge devices, sense surroundings 1, slow regeneration
3
a: Device Recharging


You were on level 5 of the Dungeon.
You were not hungry.

You visited 1 branch of the dungeon, and saw 5 of its levels.

You collected 124 gold pieces.

Inventory:

Hand Weapons
 l - a +0 dagger (weapon)
Armour
 a - a +1 robe (worn)
 f - a +1 helmet
Wands
 c - a wand of heal wounds (1/9)
Scrolls
 d - 4 scrolls of identify
 e - 4 scrolls of amnesia
 n - a scroll of blinking
Potions
 h - a potion of lignification {unknown}
 j - a potion of ambrosia {unknown}
 q - 2 potions of haste {unknown}
Books
 b - a book of Necromancy

   Spells                             Type                      Level
   a - Pain                           Necromancy                   1
   b - Animate Skeleton               Necromancy                   1
   c - Vampiric Draining              Necromancy                   3
   d - Regeneration                   Charms/Necromancy            3
   e - Animate Dead                   Necromancy                   4
   f - Control Undead                 Necromancy                   4
 o - a Young Poisoner's Handbook

   Spells                             Type                      Level
   a - Sting                          Conjuration/Poison           1
   b - Mephitic Cloud                 Conjuration/Poison/Air       3
   c - Olgreb's Toxic Radiance        Poison                       4
   d - Alistair's Intoxication        Transmutation/Poison         5
   e - Venom Bolt                     Conjuration/Poison           5
Comestibles
 g - 6 chunks of flesh
 i - 3 bread rations
 m - 2 meat rations


   Skills:
 + Level 0.5 Fighting
 + Level 4.1 Dodging
 + Level 2.9 Stealth
 + Level 4.2 Spellcasting
 + Level 6.9 Necromancy
 + Level 1.0 Evocations


You had 12 spell levels left.
You knew the following spells:

 Your Spells              Type           Power        Failure   Level  Hunger
a - Pain                  Necr           ####         1%          1    None
b - Animate Skeleton      Necr           N/A          1%          1    None


Dungeon Overview and Level Annotations

Branches:
Dungeon (5/15)
 Temple: D:4-7

Altars:
Elyvilon
Xom

Annotations:
D:5 Menkaure


Innate Abilities, Weirdness & Mutations

You are resistant to damage.
You can recharge devices by infusing magical energy.
You passively map a small area around you.
You do not regenerate naturally.


Message History

* * * LOW HITPOINT WARNING * * *
As you read the scroll of teleportation, it crumbles to dust.
You feel strangely unstable. The phantom barely misses you.
Menkaure misses you. The phantom barely misses you. Menkaure barely misses you.
The phantom blinks!
As you read the scroll of teleportation, it crumbles to dust.
You feel strangely stable. Menkaure completely misses you.
Menkaure closely misses you. The phantom misses you.
Found an escape hatch in the floor.
You can't go down here!
Menkaure points at you and mumbles some strange words.
Pain shoots through your body!
* * * LOW HITPOINT WARNING * * *
The phantom closely misses you.
The crimson imp grinds its teeth.
Menkaure points at you and mumbles some strange words.
You resist with significant effort. Menkaure hits you!
You die...

* , * #. * #..
#...*
#...#############
#.......W@....>.#
###.....M5.####.#
#........# ,
#######........#
#....########'##
#....########.# *
#........)....# *,
####.....5.#######
* ,
...'.......'..>...
,


You could see a phantom, Menkaure and a crimson imp.

Vanquished Creatures
  A sky beast (D:5)
  An ice beast (D:5)
  An orc wizard (D:5)
  2 iguanas
  Ijyb (D:3)
  Natasha (thrice) (D:2 D:1)
  Terence (D:2)
  A worker ant (D:5)
  Robin (D:2)
  7 gnolls
  3 adders
  A worm (D:2)
  2 dart slugs
  A giant gecko (D:2)
  9 orcs (D:5)
  6 giant cockroaches
  16 goblins
  12 hobgoblins
  6 jackals
  8 kobolds
  A quokka (D:2)
  3 ball pythons
  A bat (D:2)
  5 giant newts
  5 rats
98 creatures vanquished.

Vanquished Creatures (collateral kills)
  A worker ant (D:5)
  An orc (D:5)
  A goblin (D:3)
  2 bats (D:2)
  A giant gecko skeleton (D:5)
  A kobold (D:2)
  A rat (D:2)
8 creatures vanquished.

Vanquished Creatures (others)
  A quokka (D:3)
1 creature vanquished.

Grand Total: 107 creatures vanquished

Notes
Turn   | Place    | Note
-------+----------+-------------------------------------------
     0 | D:1      | Swollendeathray the Deep Dwarf Necromancer began the quest for the Orb.
     0 | D:1      | Reached XP level 1. HP: 15/15 MP: 3/3
   316 | D:1      | Reached XP level 2. HP: 22/22 MP: 0/4
   738 | D:1      | Learned a level 1 spell: Animate Skeleton
   755 | D:2      | Noticed Natasha
  1112 | D:1      | Reached XP level 3. HP: 17/28 MP: 2/6
  1551 | D:2      | Noticed Terence
  1571 | D:2      | Reached skill level 5 in Necromancy
  1631 | D:2      | Killed Terence
  1631 | D:2      | Reached XP level 4. HP: 34/36 MP: 0/8
  1698 | D:2      | Killed Natasha
  1796 | D:2      | Noticed Natasha
  2020 | D:2      | Killed Natasha
  2020 | D:2      | Reached XP level 5. HP: 15/42 MP: 2/9
  2036 | D:2      | Noticed Natasha
  2145 | D:1      | Killed Natasha
  2550 | D:2      | Noticed Robin
  2855 | D:2      | Killed Robin
  3164 | D:3      | Noticed Ijyb
  3229 | D:3      | Killed Ijyb
  3366 | D:3      | Found a white marble altar of Elyvilon.
  3386 | D:3      | You fall through a shaft!
  3411 | D:4      | Reached XP level 6. HP: 36/49 MP: 3/10
  3637 | D:4      | Reached skill level 6 in Necromancy
  3823 | D:4      | Found a shimmering altar of Xom.
  3830 | D:5      | Entered Level 5 of the Dungeon
  3873 | D:5      | Noticed a sky beast
  3941 | D:5      | Killed a sky beast
  4274 | D:5      | Reached skill level 1 in Evocations
  4282 | D:5      | Reached XP level 7. HP: 38/56 MP: 3/12
  4723 | D:5      | Noticed Menkaure
  4748 | D:5      | Mangled by Menkaure

Vault maps used:
D:1:      lemuel_arrival_river_bridge
D:2:      uniq_robin, uniq_terence, uniq_natasha
D:3:      elyvilon_altar_4, gammafunk_temple_overflow_forgotten,
          tso_oasis_becter, minmay_ogre_servants, uniq_jessica, uniq_iyjb,
          uniq_sigmund
D:4:      kennysheep_mini_moat, uniq_crazy_yiuf_cottage, uniq_blork_the_orc
D:5:      first_bread, glass_columns_b, uniq_menkaure

Skill      XL: |  1  2  3  4  5  6 |
---------------+-------------------+-----
Spellcasting   | 2 3 4 |  4.2
Necromancy     | 5 6 |  6.9
Dodging        | 3 4 |  4.1
Evocations     | 1 |  1.0
Fighting       | |  0.5
Stealth        | |  2.9

Action                   |  1- 3 |  4- 6 |  7- 9 || total
-------------------------+-------+-------+-------++-------
Melee: Unarmed           |    15 |     2 |       ||    17
       Dagger            |       |    61 |     1 ||    62
 Cast: Pain              |    59 |   173 |    16 ||   248
       Animate Skeleton  |     3 |    22 |     4 ||    29
 Abil: Device Recharging |       |     1 |       ||     1
Evoke: Wand              |     3 |    10 |     1 ||    14
  Use: Scroll            |       |     9 |     2 ||    11
       Potion            |       |     5 |       ||     5
  Eat: Bread ration      |     1 |       |       ||     1
       Chunk             |       |     8 |     1 ||     9
Armor: Robe              |     7 |    51 |     3 ||    61
Dodge: Dodged            |    59 |   175 |    19 ||   253
